 Dungeon Crawl Stone Soup version 0.21-a0-509-gecc5317 (webtiles) character file.

65 BingusPrime the Charmwright (level 4, -1/34 HPs)
             Began as a Barachi Skald on Nov 30, 2017.
             Killed from afar by an orc wizard (6 damage)
             ... with a magic dart
             ... on level 3 of the Dungeon.
             The game lasted 00:06:01 (1526 turns).

BingusPrime the Charmwright (Barachi Skald)         Turns: 1526, Time: 00:06:01

Health: -1/34      AC:  4    Str: 13    XL:     4   Next: 13%
Magic:  4/8        EV: 12    Int: 13    God:
Gold:   40         SH:  0    Dex: 12    Spells: 5/8 levels left

rFire    . . .     SeeInvis .   a - +0 falchion
rCold    . . .     Gourm    .   (no shield)
rNeg     . . .     Faith    .   b - +0 leather armour
rPois    .         Spirit   .   (no helmet)
rElec    .         Reflect  .   (no cloak)
rCorr    .         Harm     .   (no gloves)
MR       .....                  k - +0 pair of boots
Stlth    +.........             (no amulet)
HPRegen  0.11/turn              (no ring)
MPRegen  0.11/turn              (no ring)

@: lethally poisoned (-1 -> -2), shrouded, slow
A: +LOS, swims, slowness 1, strong legs 1
a: Hop


You were on level 3 of the Dungeon.
You were near starving.

You visited 1 branch of the dungeon, and saw 3 of its levels.

You collected 40 gold pieces.

Inventory:

Hand Weapons
 a - a +0 falchion (weapon)
 h - a +2 dagger of speed
 i - a +1 dagger of speed
 l - a +0 whip of pain
Missiles
 j - 4 javelins (quivered)
Armour
 b - a +0 leather armour (worn)
 k - a +0 pair of boots (worn)
 m - a cursed +0 scale mail
Jewellery
 s - a cursed ring of loudness {unknown}
Scrolls
 e - 2 scrolls of identify {unknown}
 o - a scroll of enchant weapon {unknown}
 q - a scroll of random uselessness {unknown}
Potions
 g - 3 potions of degeneration {unknown}
 n - a potion of magic {unknown}
 p - a potion of curing {unknown}
 r - a potion of ambrosia {unknown}
Books
 c - a book of Battle

   Spells                             Type                      Level
   a - Infusion                       Charms                       1
   b - Shroud of Golubria             Charms/Translocation         2
   c - Song of Slaying                Charms                       2
   d - Spectral Weapon                Hexes/Charms                 3
   e - Regeneration                   Charms/Necromancy            3
Comestibles
 d - a bread ration
 f - 2 meat rations


   Skills:
 + Level 2.5 Fighting
 * Level 3.3 Long Blades
 * Level 2.0 Armour
 * Level 2.9 Dodging
 + Level 0.2 Stealth
 + Level 2.6 Spellcasting
 + Level 3.6 Charms
 + Level 0.2 Translocations


You had 5 spell levels left.
You knew the following spells:

 Your Spells              Type           Power        Failure   Level  Hunger
a - Infusion              Chrm           ##..         7%          1    #......
b - Shroud of Golubria    Chrm/Tloc      #.........   21%         2    ###....


Dungeon Overview and Level Annotations

Branches:
Dungeon (3/15)

Altars:


Innate Abilities, Weirdness & Mutations

Shadows flee at your approach. (+LOS)
You can swim through water.
You cover ground slowly.
You can hop short distances.


Message History

The orc wizard is heavily wounded.
You feel sick. The orc wizard barely misses you.
You hit the orc wizard.
The orc wizard is severely wounded.
Your shroud begins to fray at the edges.
The orc wizard casts a spell at you. The magic dart hits you!
* * * LOW HITPOINT WARNING * * *
Your shroud bends the orc wizard's attack away.
Casting: Shroud of Golubria
Confirm with . or Enter, or press ? or * to list all spells.
You renew your shroud.
You are near starving!
Your shroud bends the orc wizard's attack away.
You hit the orc wizard.
The orc wizard is severely wounded.
You feel sick.
The orc wizard gestures at you while chanting.
The magic dart hits you!
You die...

#.##.##........##.# ..
#.##.##.######.#
#.##..............#
.#####>.........########
....#.##....##.# .....
#..# #.# #..##..####.#
###..o..)..##.#
#....@..).....#
###...####....# #..##
#.......# ....
#....#.##.# ......
#......# .. ##.#..#
###..... ... #.#..
#...... ... # #..
........ .. ##.
.....##### #


You could see an orc wizard.

Vanquished Creatures
  3 adders (D:2)
  A dart slug (D:2)
  3 orcs (D:3)
  3 giant cockroaches
  5 hobgoblins
  A jackal (D:1)
  2 kobolds
  3 bats
  2 frilled lizards
  6 goblins
  3 rats
32 creatures vanquished.

Vanquished Creatures (others)
  4 toadstools (D:1)
4 creatures vanquished.

Grand Total: 36 creatures vanquished

Notes
Turn   | Place    | Note
-------+----------+-------------------------------------------
     0 | D:1      | BingusPrime the Barachi Skald began the quest for the Orb.
     0 | D:1      | Reached XP level 1. HP: 17/17 MP: 3/3
   275 | D:1      | You fall through a shaft!
   289 | D:2      | Reached XP level 2. HP: 22/23 MP: 5/5
   293 | D:2      | Learned a level 2 spell: Shroud of Golubria
   700 | D:1      | Reached XP level 3. HP: 27/28 MP: 6/6
  1425 | D:2      | Reached XP level 4. HP: 34/34 MP: 8/8
  1526 | D:3      | Killed from afar by an orc wizard

Vault maps used:
D:1:      ldierk_water_garden, chequers_big_river, st_stairs_10
D:3:      hangedman_decor_growths, due_unseen_surprise

Skill      XL: |  1  2  3 |
---------------+----------+-----
Long Blades    | 3 |  3.3
Armour         | 2 |  2.0
Fighting       | |  2.5
Dodging        | |  2.9
Stealth        | |  0.2
Spellcasting   | |  2.6
Charms         | |  3.6
Translocations | |  0.2

Action                   |  1- 3 |  4- 6 || total
-------------------------+-------+-------++-------
Melee: Falchion          |    92 |    25 ||   117
 Cast: Shroud of Golubri |     8 |     4 ||    12
  Eat: Chunk             |     2 |       ||     2
Armor: Leather armour    |    25 |     7 ||    32
Dodge: Dodged            |    73 |    18 ||    91
       Rpst.: Falchion   |    24 |     6 ||    30

Table legend:
 A = Spawn XP
 B = Non-spawn XP
 C = Spawn XP percentage of total XP
 D = Spawn monster count
 E = Non-spawn monster count
 F = Spawn count percentage of total count
 G = Total turns spent on level
                    A         B        C        D         E        F      G
               +---------+---------+-------+---------+---------+-------+---------
         Total |       0 |      93 |   0.0 |       0 |      32 |   0.0 |  1526
               +---------+---------+-------+---------+---------+-------+---------
           D:1 |       0 |      20 |   0.0 |       0 |      12 |   0.0 |   751
           D:2 |       0 |      63 |   0.0 |       0 |      16 |   0.0 |   685
           D:3 |       0 |      10 |   0.0 |       0 |       4 |   0.0 |    90
               +---------+---------+-------+---------+---------+-------+---------
